[ PARTIDA AOE2 · #493621283 ]
UnrankedPolacos vs Chinese
Equipo del jugador · DERR
Equipo rival · VICT
[ ANÁLISIS DE REPETICIÓN · EXTRAÍDO DE LA PARTIDA GRABADA ]
Feudal
8:50
Castillos
19:12
Imperial
37:01
| APM promedio | 62.8 |
| APM pico | 100 |
| eAPM promedio | 28.8 |
| Aldeanos / militares | 152 / 69 |
Foco
⚔️ 30.4% · 🌾 69.6%
Skirmisher ×37 · Monk ×10 · Scout Cavalry ×5 · Obuch ×4 · Mangonel ×4 · Spearman ×4
Feudal
8:44
Castillos
20:26
Imperial
34:20
| APM promedio | 65.3 |
| APM pico | 104 |
| eAPM promedio | 28.2 |
| Aldeanos / militares | 152 / 73 |
Foco
⚔️ 43.2% · 🌾 56.8%
Archer ×41 · Fire Lancer ×12 · Battering Ram ×5 · Spearman ×4 · Trebuchet (Packed) ×4 · Monk ×3
Mapa de la partida
Recursos iniciales + cada clic de construcción. Líneas = muros · curvas = relieve. ◆ oro · ⬟ piedra · ● bayas · ✦ reliquia · ◌ hueco del cierre
Tu base· ✓ Cerrada en 19:12 · 65t muro · sin puerta
Base de _Barles_· ✓ Cerrada en 20:26 · 68t muro · 2 puerta(s)
Terreno inicial suavizado · ◌ = hueco del cierre detectado · pasá el cursor para detalles
Inputs por minuto
— Thành Cổ Quảng Trị - - _Barles_
Build order — Thành Cổ Quảng Trị
Primeras 150 de 365 acciones detectadas
| 0:00 | Crear | Villager (Male) |
| 0:00 | Crear | Villager (Male) |
| 0:01 | Crear | Villager (Male) |
| 0:01 | Construir | House |
| 0:02 | Construir | House |
| 0:04 | Crear | Villager (Male) |
| 1:26 | Crear | Villager (Male) |
| 1:44 | Construir | Lumber Camp |
| 1:57 | Crear | Villager (Male) |
| 2:12 | Crear | Villager (Male) |
| 2:13 | Crear | Villager (Male) |
| 2:43 | Crear | Villager (Male) |
| 2:43 | Crear | Villager (Male) |
| 2:55 | Crear | Villager (Male) |
| 3:30 | Crear | Villager (Male) |
| 3:48 | Construir | House |
| 3:56 | Crear | Villager (Male) |
| 3:56 | Crear | Villager (Male) |
| 4:19 | Crear | Villager (Male) |
| 4:19 | Crear | Villager (Male) |
| 4:28 | Construir | Mill |
| 5:09 | Crear | Villager (Male) |
| 5:10 | Crear | Villager (Male) |
| 5:10 | Investigar | Loom |
| 6:30 | Investigar | Feudal Age |
| 7:06 | Crear | Villager (Male) |
| 7:31 | Construir | Barracks |
| 8:50 | Edad | Edad Feudal |
| 8:53 | Construir | Stable |
| 8:55 | Investigar | Double-Bit Axe |
| 8:57 | Investigar | Horse Collar |
| 8:59 | Crear | Villager (Male) |
| 9:18 | Construir | Farm |
| 9:23 | Crear | Villager (Male) |
| 9:27 | Construir | House |
| 9:35 | Crear | Scout Cavalry |
| 9:35 | Crear | Scout Cavalry |
| 9:36 | Crear | Villager (Male) |
| 9:39 | Construir | Farm |
| 9:58 | Crear | Spearman |
| 10:08 | Construir | Farm |
| 10:11 | Crear | Scout Cavalry |
| 10:16 | Crear | Villager (Male) |
| 10:20 | Construir | Farm |
| 10:28 | Crear | Spearman |
| 10:39 | Construir | Farm |
| 10:42 | Crear | Villager (Male) |
| 10:46 | Construir | Palisade Wall |
| 10:54 | Crear | Spearman |
| 10:57 | Crear | Villager (Male) |
| 10:57 | Crear | Villager (Male) |
| 10:59 | Construir | House |
| 11:06 | Crear | Spearman |
| 11:23 | Crear | Scout Cavalry |
| 11:27 | Construir | Farm |
| 11:32 | Crear | Villager (Male) |
| 11:32 | Crear | Villager (Male) |
| 11:35 | Construir | Palisade Wall |
| 11:44 | Construir | House |
| 12:11 | Crear | Villager (Male) |
| 12:15 | Construir | Palisade Wall |
| 12:18 | Construir | Palisade Wall |
| 12:23 | Crear | Scout Cavalry |
| 12:26 | Crear | Villager (Male) |
| 12:31 | Construir | Palisade Wall |
| 12:37 | Construir | Mill |
| 12:48 | Crear | Villager (Male) |
| 13:08 | Construir | Farm |
| 13:08 | Construir | Farm |
| 13:08 | Construir | Farm |
| 13:08 | Construir | Farm |
| 13:08 | Construir | Farm |
| 13:15 | Construir | Palisade Wall |
| 13:16 | Construir | Palisade Wall |
| 13:21 | Crear | Villager (Male) |
| 13:27 | Construir | Palisade Wall |
| 13:34 | Construir | Palisade Wall |
| 13:35 | Construir | Palisade Wall |
| 13:45 | Crear | Villager (Male) |
| 13:48 | Construir | Farm |
| 14:03 | Construir | Palisade Wall |
| 14:10 | Crear | Villager (Male) |
| 14:17 | Construir | Mining Camp |
| 14:30 | Crear | Villager (Male) |
| 14:39 | Construir | Palisade Wall |
| 14:40 | Construir | Palisade Wall |
| 14:58 | Crear | Villager (Male) |
| 15:08 | Construir | Farm |
| 15:22 | Crear | Villager (Male) |
| 15:39 | Construir | Blacksmith |
| 15:41 | Construir | Archery Range |
| 15:50 | Construir | Palisade Wall |
| 15:54 | Crear | Villager (Male) |
| 16:25 | Construir | Lumber Camp |
| 16:32 | Investigar | Castle Age |
| 16:48 | Crear | Skirmisher |
| 16:48 | Crear | Skirmisher |
| 17:21 | Crear | Villager (Male) |
| 17:23 | Crear | Skirmisher |
| 17:40 | Construir | Palisade Wall |
| 17:44 | Crear | Skirmisher |
| 17:52 | Construir | Blacksmith |
| 17:54 | Investigar | Bloodlines |
| 17:55 | Crear | Skirmisher |
| 18:19 | Construir | Palisade Wall |
| 18:25 | Construir | House |
| 18:28 | Construir | House |
| 18:49 | Investigar | Fletching |
| 18:50 | Investigar | Fletching |
| 18:55 | Crear | Skirmisher |
| 19:12 | Edad | Edad de los Castillos |
| 19:20 | Crear | Villager (Male) |
| 19:25 | Construir | Town Center |
| 19:32 | Investigar | Bow Saw |
| 19:32 | Investigar | Bow Saw |
| 19:37 | Crear | Knight |
| 19:42 | Construir | Palisade Gate |
| 19:47 | Crear | Villager (Male) |
| 19:53 | Crear | Skirmisher |
| 20:00 | Investigar | Bodkin Arrow |
| 20:07 | Crear | Villager (Male) |
| 20:19 | Construir | Farm |
| 20:36 | Investigar | Elite Skirmisher (upgrade) |
| 20:37 | Investigar | Elite Skirmisher (upgrade) |
| 20:38 | Crear | Villager (Male) |
| 20:40 | Crear | Villager (Male) |
| 20:50 | Construir | House |
| 20:52 | Investigar | Padded Archer Armor |
| 21:10 | Crear | Villager (Male) |
| 21:14 | Construir | Farm |
| 21:16 | Crear | Skirmisher |
| 21:40 | Crear | Skirmisher |
| 21:41 | Crear | Villager (Male) |
| 21:54 | Investigar | Leather Archer Armor |
| 22:11 | Crear | Villager (Male) |
| 22:13 | Crear | Skirmisher |
| 22:15 | Crear | Villager (Male) |
| 22:19 | Construir | Monastery |
| 22:23 | Construir | House |
| 22:29 | Construir | Mill |
| 22:29 | Construir | Farm |
| 22:29 | Construir | Farm |
| 22:30 | Construir | Farm |
| 22:30 | Construir | Farm |
| 22:32 | Crear | Villager (Male) |
| 22:43 | Crear | Villager (Male) |
| 22:43 | Crear | Villager (Male) |
| 23:01 | Crear | Villager (Male) |
| 23:03 | Construir | Farm |
| 23:03 | Construir | Farm |
Build order — _Barles_
Primeras 150 de 344 acciones detectadas
| 0:01 | Investigar | Loom |
| 0:40 | Crear | Villager (Male) |
| 0:40 | Crear | Villager (Male) |
| 1:08 | Crear | Villager (Male) |
| 1:08 | Crear | Villager (Male) |
| 1:29 | Crear | Villager (Male) |
| 1:36 | Construir | Lumber Camp |
| 1:53 | Crear | Villager (Male) |
| 2:12 | Crear | Villager (Male) |
| 2:12 | Crear | Villager (Male) |
| 2:42 | Crear | Villager (Male) |
| 3:04 | Crear | Villager (Male) |
| 3:24 | Crear | Villager (Male) |
| 3:28 | Construir | House |
| 3:44 | Construir | House |
| 3:52 | Construir | House |
| 3:56 | Crear | Villager (Male) |
| 4:08 | Construir | Mill |
| 4:13 | Crear | Villager (Male) |
| 4:30 | Crear | Villager (Male) |
| 4:58 | Crear | Villager (Male) |
| 5:36 | Crear | Villager (Male) |
| 5:38 | Crear | Villager (Male) |
| 5:50 | Construir | Palisade Wall |
| 5:50 | Construir | Palisade Wall |
| 6:03 | Construir | Palisade Gate |
| 6:05 | Construir | Palisade Wall |
| 6:34 | Investigar | Feudal Age |
| 6:41 | Construir | Palisade Wall |
| 6:42 | Construir | Palisade Wall |
| 7:00 | Construir | Palisade Wall |
| 7:07 | Construir | Lumber Camp |
| 7:13 | Crear | Villager (Male) |
| 7:28 | Construir | Palisade Wall |
| 7:46 | Construir | Palisade Wall |
| 8:01 | Construir | Barracks |
| 8:07 | Construir | Palisade Wall |
| 8:44 | Edad | Edad Feudal |
| 8:49 | Crear | Villager (Male) |
| 9:05 | Construir | Stable |
| 9:11 | Crear | Villager (Male) |
| 9:20 | Construir | House |
| 9:32 | Investigar | Double-Bit Axe |
| 9:33 | Investigar | Double-Bit Axe |
| 9:36 | Construir | House |
| 9:40 | Crear | Villager (Male) |
| 9:45 | Construir | Palisade Wall |
| 9:50 | Crear | Scout Cavalry |
| 9:52 | Crear | Scout Cavalry |
| 9:56 | Crear | Spearman |
| 10:04 | Construir | Palisade Wall |
| 10:11 | Construir | Farm |
| 10:13 | Crear | Villager (Male) |
| 10:17 | Construir | Palisade Wall |
| 10:19 | Construir | Palisade Wall |
| 10:29 | Construir | Farm |
| 10:36 | Construir | Farm |
| 10:40 | Crear | Villager (Male) |
| 10:43 | Construir | Palisade Gate |
| 10:51 | Crear | Villager (Male) |
| 10:58 | Construir | Farm |
| 11:16 | Construir | House |
| 11:18 | Crear | Villager (Male) |
| 11:22 | Construir | Farm |
| 11:23 | Construir | Farm |
| 11:38 | Construir | Farm |
| 11:42 | Crear | Villager (Male) |
| 11:50 | Construir | Farm |
| 11:54 | Construir | House |
| 12:13 | Crear | Villager (Male) |
| 12:27 | Investigar | Horse Collar |
| 12:27 | Investigar | Horse Collar |
| 12:29 | Construir | House |
| 12:32 | Crear | Villager (Male) |
| 12:47 | Construir | House |
| 12:57 | Construir | Farm |
| 12:59 | Construir | Mining Camp |
| 13:02 | Crear | Villager (Male) |
| 13:04 | Construir | House |
| 13:23 | Construir | Archery Range |
| 13:26 | Crear | Villager (Male) |
| 13:59 | Crear | Villager (Male) |
| 14:11 | Crear | Archer |
| 14:13 | Construir | Farm |
| 14:13 | Crear | Spearman |
| 14:19 | Construir | Farm |
| 14:22 | Crear | Villager (Male) |
| 14:27 | Crear | Spearman |
| 14:30 | Crear | Archer |
| 14:35 | Construir | Farm |
| 14:46 | Crear | Villager (Male) |
| 15:01 | Construir | Blacksmith |
| 15:10 | Crear | Villager (Male) |
| 15:17 | Construir | Farm |
| 15:25 | Crear | Archer |
| 15:30 | Crear | Spearman |
| 15:38 | Construir | House |
| 15:40 | Construir | Farm |
| 15:41 | Crear | Villager (Male) |
| 15:53 | Investigar | Fletching |
| 15:54 | Investigar | Fletching |
| 15:59 | Construir | House |
| 16:02 | Construir | Farm |
| 16:04 | Crear | Archer |
| 16:04 | Crear | Archer |
| 16:09 | Crear | Villager (Male) |
| 16:38 | Crear | Villager (Male) |
| 16:43 | Construir | Archery Range |
| 16:47 | Crear | Archer |
| 17:06 | Crear | Villager (Male) |
| 17:07 | Crear | Archer |
| 17:30 | Construir | Market |
| 17:30 | Construir | House |
| 17:46 | Investigar | Castle Age |
| 17:46 | Investigar | Castle Age |
| 18:19 | Construir | House |
| 18:23 | Crear | Archer |
| 18:24 | Crear | Archer |
| 18:26 | Investigar | Gold Mining |
| 18:27 | Investigar | Gold Mining |
| 18:52 | Crear | Archer |
| 18:53 | Investigar | Padded Archer Armor |
| 18:53 | Investigar | Padded Archer Armor |
| 18:55 | Crear | Archer |
| 19:19 | Construir | House |
| 19:35 | Crear | Villager (Male) |
| 19:38 | Crear | Archer |
| 19:38 | Crear | Archer |
| 20:05 | Construir | House |
| 20:05 | Construir | House |
| 20:26 | Edad | Edad de los Castillos |
| 20:30 | Construir | University |
| 20:31 | Investigar | Bodkin Arrow |
| 20:31 | Investigar | Bodkin Arrow |
| 20:32 | Investigar | Crossbowman (upgrade) |
| 20:32 | Investigar | Crossbowman (upgrade) |
| 20:36 | Crear | Villager (Male) |
| 20:41 | Construir | House |
| 20:44 | Construir | Town Center |
| 20:45 | Investigar | Bow Saw |
| 20:45 | Investigar | Bow Saw |
| 20:56 | Construir | House |
| 21:15 | Crear | Villager (Male) |
| 21:25 | Crear | Villager (Male) |
| 21:30 | Crear | Archer |
| 21:30 | Crear | Archer |
| 21:49 | Crear | Villager (Male) |
| 21:49 | Crear | Villager (Male) |
| 21:56 | Investigar | Ballistics |
| 22:07 | Crear | Villager (Male) ×5 |
Cronología de la partida
| 5:50 | _Barles_ · wall_segment Palisade Wall x9 |
| 5:50 | _Barles_ · wall_segment Palisade Wall x1 |
| 6:05 | _Barles_ · wall_segment Palisade Wall x1 |
| 6:41 | _Barles_ · wall_segment Palisade Wall x11 |
| 6:42 | _Barles_ · wall_segment Palisade Wall x1 |
| 7:00 | _Barles_ · wall_segment Palisade Wall x11 |
| 7:28 | _Barles_ · wall_segment Palisade Wall x6 |
| 7:31 | Thành Cổ Quảng Trị · first_building Barracks |
| 7:46 | _Barles_ · wall_segment Palisade Wall x3 |
| 8:01 | _Barles_ · first_building Barracks |
| 8:07 | _Barles_ · wall_segment Palisade Wall x1 |
| 8:44 | _Barles_ · age_up feudal |
| 8:50 | Thành Cổ Quảng Trị · age_up feudal |
| 8:53 | Thành Cổ Quảng Trị · first_building Stable |
| 9:05 | _Barles_ · first_building Stable |
| 9:45 | _Barles_ · wall_segment Palisade Wall x5 |
| 10:04 | _Barles_ · wall_segment Palisade Wall x11 |
| 10:17 | _Barles_ · wall_segment Palisade Wall x5 |
| 10:19 | _Barles_ · wall_segment Palisade Wall x4 |
| 10:46 | Thành Cổ Quảng Trị · wall_segment Palisade Wall x13 |
| 11:35 | Thành Cổ Quảng Trị · wall_segment Palisade Wall x9 |
| 12:15 | Thành Cổ Quảng Trị · wall_segment Palisade Wall x1 |
| 12:18 | Thành Cổ Quảng Trị · wall_segment Palisade Wall x1 |
| 12:31 | Thành Cổ Quảng Trị · wall_segment Palisade Wall x10 |
| 13:15 | Thành Cổ Quảng Trị · wall_segment Palisade Wall x4 |
| 13:16 | Thành Cổ Quảng Trị · wall_segment Palisade Wall x1 |
| 13:23 | _Barles_ · first_building Archery Range |
| 13:27 | Thành Cổ Quảng Trị · wall_segment Palisade Wall x2 |
| 13:34 | Thành Cổ Quảng Trị · wall_segment Palisade Wall x1 |
| 13:35 | Thành Cổ Quảng Trị · wall_segment Palisade Wall x1 |
| 14:03 | Thành Cổ Quảng Trị · wall_segment Palisade Wall x6 |
| 14:39 | Thành Cổ Quảng Trị · wall_segment Palisade Wall x5 |
| 14:40 | Thành Cổ Quảng Trị · wall_segment Palisade Wall x5 |
| 15:41 | Thành Cổ Quảng Trị · first_building Archery Range |
| 15:50 | Thành Cổ Quảng Trị · wall_segment Palisade Wall x8 |
| 17:40 | Thành Cổ Quảng Trị · wall_segment Palisade Wall x1 |
| 18:19 | Thành Cổ Quảng Trị · wall_segment Palisade Wall x1 |
| 19:12 | Thành Cổ Quảng Trị · age_up castle |
| 20:26 | _Barles_ · age_up castle |
| 22:19 | Thành Cổ Quảng Trị · first_building Monastery |
| 24:43 | _Barles_ · first_market_buy 100 food |
| 25:25 | _Barles_ · first_building Monastery |
| 27:39 | _Barles_ · first_building Siege Workshop |
| 29:24 | _Barles_ · first_market_sell 100 wood |
| 29:29 | Thành Cổ Quảng Trị · first_building Siege Workshop |
| 31:36 | Thành Cổ Quảng Trị · first_building Castle |
| 34:04 | _Barles_ · first_building Castle |
| 34:20 | _Barles_ · age_up imperial |
| 36:59 | Thành Cổ Quảng Trị · first_market_buy 100 stone |
| 37:01 | Thành Cổ Quảng Trị · age_up imperial |
| 38:03 | Thành Cổ Quảng Trị · resign |
[ ANÁLISIS IA · 1 CRÉDITO ]
¿Qué pasó realmente en esta partida?
Wolo.gg analiza cada decisión: build order, eco, micro, errores típicos por bracket. Análisis personalizado por WhatsApp o Discord en 30 segundos.
Guía civ
Polacos
Perfil
Quảng Trị